 Dungeon Sprint DCSS version 0.17-a0-2115-g0d8b93e (webtiles) character file.

5793 Ordine the Imperceptible (level 10, -9/44 HPs)
             Began as a Spriggan Enchanter on Oct 20, 2015.
             Was the Champion of Dithmenos.
             Mangled by a spriggan rider
             ... wielding a +4 spear
              (17 damage)
             ... in the Dungeon (Sprint VII: "The Pits").
             The game lasted 00:15:48 (2753 turns).

Ordine the Imperceptible (Spriggan Enchanter)       Turns: 2753, Time: 00:15:48

Health: -9/44      AC:  7    Str:  4    XL:     10   Next: 50%
Magic:  23/25      EV: 30    Int: 24    God:    Dithmenos [******]
Gold:   0          SH:  0    Dex: 16    Spells: 4 memorised, 20 levels left

rFire  . . .     SeeInvis +     e - +0 dagger (elec)
rCold  . . .     Clarity  .     b - +1 robe
rNeg   . . .     SustAt   .     (shield restricted)
rPois  .         Gourm    .     (helmet restricted)
rElec  .         Spirit   .     u - +0 cloak
rCorr  .         Warding  .     (gloves unavailable)
rMut   .         NoTele   +     (boots unavailable)
MR     +....                    (no amulet)
Stlth  ++++++++++               q - +3 ring of intelligence
                                p - +3 ring of protection

@: lethally poisoned (-9 -> -12), slowed, wreathed by umbra, invisible, quick,
somewhat resistant to hostile enchantments, uncannily stealthy
A: unfitting armour, see invisible, herbivore 3, speed 3, slow metabolism 2
a: Shadow Step, Shadow Form, Renounce Religion


You were in the Dungeon.
You worshipped Dithmenos.
Dithmenos was exalted by your worship.
You were not hungry.

You visited 1 branch

Inventory:

Hand Weapons
 e - a +0 dagger of electrocution (weapon)
Armour
 b - a +1 robe (worn)
 u - a +0 cloak (worn)
Jewellery
 p - a +3 ring of protection (left hand)
 q - a +3 ring of intelligence (right hand)
Scrolls
 m - 3 scrolls of remove curse
 n - 5 scrolls of amnesia
 o - a scroll of summoning
Potions
 f - 8 potions of heal wounds
 g - 2 potions of haste
 h - 4 potions of magic
 k - 7 potions of curing
 r - 2 potions of agility
 s - a potion of cure mutation
 t - a potion of resistance
Books
 c - a book of Maledictions

   Spells                             Type                      Level
   a - Corona                         Hexes                        1
   b - Ensorcelled Hibernation        Hexes/Ice                    2
   c - Confuse                        Hexes                        3
   d - Tukima's Dance                 Hexes                        3
   e - Dazzling Spray                 Conjuration/Hexes            3
Comestibles
 a - 39 fruits
 d - 8 bread rations


   Skills:
 - Level 11.0 Short Blades
 - Level 15.2 Dodging
 + Level 22.6 Stealth
 - Level 10.3 Spellcasting
 - Level 11.5 Hexes


You had 20 spell levels left.
You knew the following spells:

 Your Spells              Type           Power        Failure   Level  Hunger
a - Corona                Hex            ######.      1%          1    None
b - Ensorcelled Hibernat  Hex/Ice        #####.       1%          2    None
c - Confuse               Hex            ######..     1%          3    None
d - Dazzling Spray        Conj/Hex       #####...     1%          3    None


Dungeon Overview and Level Annotations

Branches:
Dungeon (1/1)

Altars:
Ashenzari
Cheibriados
Dithmenos
Elyvilon
Fedhas
Kikubaaqudgha
Makhleb
Nemelex Xobeh
Okawaru
Ru
Sif Muna
Trog
Vehumet
Xom
Yredelemnul
Zin
The Shining One
Beogh
Jiyva
Lugonu


Innate Abilities, Weirdness & Mutations

You are tiny and cannot use many weapons and most armour.
You have supernaturally acute eyesight.
You are a herbivore.
You cover ground extremely quickly.
You need consume almost no food.


Message History

Your shadow barely misses the spriggan rider.
You hit the spriggan rider but do no damage.
There is a sudden explosion of sparks!
The spriggan rider is moderately wounded.
The spriggan rider completely misses you.
You miss the spriggan rider.
The spriggan rider is moderately wounded.
Your shadow barely misses the spriggan rider.
You feel sick.
The spriggan rider hits you with an uncursed enchanted spear!!
Ouch! That really hurt!
* * * LOW HITPOINT WARNING * * *
You emit a cloud of dark smoke.
Unknown command.
Read which item? (? for menu, Esc to quit)
Okay, then.
Drink which item? (? for menu, Esc to quit)
You fade into invisibility!
The spriggan rider hits you with an uncursed enchanted spear!
You die...

......##..##))......###.###..##
......##''#...#.)#...#.)).#..#..
########.....)./)...)'....'..'..
########++#...#..#...#)..g#..#
.#..[[##..##........###)###t.#
.#..[[##...###....###.(..#.i..#
.'..))##...†.##..##)....##....#
.#!.))###.....'§§g....(## .....
†#..))# ###...'§@i...### .......
####### ############ ######


You could see a spriggan rider and a gnoll.

Vanquished Creatures
  A swamp dragon (D)
  An orc knight (D)
  A cyclops (D)
  A spiny frog (D)
  An efreet (D)
  A snapping turtle (D)
  A wandering mushroom (D)
  2 polar bears (D)
  A troll (D)
  2 bog bodies (D)
  3 blink frogs (D)
  2 two-headed ogres (D)
  A wraith (D)
  A hungry ghost (D)
  A water moccasin (D)
  Duvessa (D)
  3 ice beasts (D)
  A black bear (D)
  An orc warrior (D)
  A centaur (D)
  A big kobold (D)
  Dowan (D)
  A crimson imp (D)
  3 orc wizards (D)
  2 orc priests (D)
  Crazy Yiuf (D)
  An iguana (D)
  2 hell rats (D)
  Jessica (D)
  A worker ant (D)
  6 sheep (D)
  A mummy (D)
  3 adders (D)
  A gnoll (D)
  An ufetubus (D)
  A worm (D)
  6 orcs (D)
  A hobgoblin (D)
  3 jackals (D)
  A giant cockroach (D)
65 creatures vanquished.

Notes
Turn   | Place    | Note
--------------------------------------------------------------
     0 | D        | Ordine the Spriggan Enchanter began the quest for the Orb.
     0 | D        | Reached XP level 1. HP: 9/9 MP: 5/5
    11 | D        | Noticed a worker ant
    14 | D        | Killed a worker ant
    14 | D        | Reached skill level 9 in Stealth
    14 | D        | Reached XP level 2. HP: 13/13 MP: 6/6
    35 | D        | Found a sacrificial altar of Ru.
    35 | D        | Found a basalt altar of Yredelemnul.
    35 | D        | Found a shadowy altar of Dithmenos.
    35 | D        | Found a deep blue altar of Sif Muna.
    35 | D        | Found a burning altar of Makhleb.
    35 | D        | Found a shimmering altar of Xom.
    35 | D        | Found an ancient bone altar of Kikubaaqudgha.
    35 | D        | Found a sparkling altar of Nemelex Xobeh.
    36 | D        | Found a glowing golden altar of the Shining One.
    36 | D        | Found a bloodstained altar of Trog.
    36 | D        | Found a shattered altar of Ashenzari.
    36 | D        | Found a white marble altar of Elyvilon.
    36 | D        | Found a snail-covered altar of Cheibriados.
    36 | D        | Found a blossoming altar of Fedhas.
    36 | D        | Found a radiant altar of Vehumet.
    36 | D        | Found a glowing silver altar of Zin.
    36 | D        | Found a corrupted altar of Lugonu.
    36 | D        | Found a viscous altar of Jiyva.
    36 | D        | Found a roughly hewn altar of Beogh.
    36 | D        | Found an iron altar of Okawaru.
    39 | D        | Became a worshipper of Dithmenos the Shadowed
    63 | D        | Reached skill level 10 in Stealth
    74 | D        | Learned a level 2 spell: Ensorcelled Hibernation
    76 | D        | Reached XP level 3. HP: 16/16 MP: 5/8
    78 | D        | Reached * piety under Dithmenos
   247 | D        | Learned a level 3 spell: Confuse
   256 | D        | Reached ** piety under Dithmenos
   261 | D        | Noticed an orc wizard
   265 | D        | Reached skill level 5 in Hexes
   298 | D        | Reached *** piety under Dithmenos
   361 | D        | Killed an orc wizard
   361 | D        | Reached XP level 4. HP: 21/21 MP: 6/9
   450 | D        | Noticed Dowan
   451 | D        | Noticed a centaur
   451 | D        | Noticed Duvessa
   457 | D        | Noticed a big kobold
   458 | D        | Noticed Jessica
   458 | D        | Noticed a hungry ghost
   476 | D        | Killed Duvessa
   476 | D        | Reached skill level 11 in Hexes
   476 | D        | Reached XP level 5. HP: 24/24 MP: 7/10
   478 | D        | Killed a centaur
   478 | D        | Reached XP level 6. HP: 28/28 MP: 5/11
   490 | D        | Killed a big kobold
   490 | D        | Reached **** piety under Dithmenos
   701 | D        | Killed Dowan
   733 | D        | Killed a hungry ghost
   733 | D        | Reached XP level 7. HP: 32/32 MP: 3/12
   734 | D        | Noticed a black bear
   740 | D        | Killed Jessica
  1017 | D        | Killed a black bear
  1017 | D        | Reached skill level 12 in Stealth
  1068 | D        | Reached skill level 13 in Stealth
  1070 | D        | Noticed a polar bear
  1072 | D        | Killed a polar bear
  1072 | D        | Reached skill level 15 in Stealth
  1074 | D        | Noticed an iguana
  1074 | D        | Noticed an ice beast
  1074 | D        | Noticed an orc priest
  1076 | D        | Reached ***** piety under Dithmenos
  1078 | D        | Killed an orc priest
  1080 | D        | Killed an iguana
  1081 | D        | Killed an ice beast
  1081 | D        | Reached skill level 16 in Stealth
  1081 | D        | Reached XP level 8. HP: 36/36 MP: 13/13
  1087 | D        | Noticed a crimson imp
  1087 | D        | Noticed a polar bear
  1154 | D        | Killed a crimson imp
  1156 | D        | Killed a polar bear
  1156 | D        | Reached skill level 18 in Stealth
  1348 | D        | Noticed a swamp dragon
  1348 | D        | Noticed a bog body
  1356 | D        | Learned a level 3 spell: Dazzling Spray
  1361 | D        | Killed a swamp dragon
  1363 | D        | Killed a bog body
  1363 | D        | Reached ****** piety under Dithmenos
  1363 | D        | Reached skill level 10 in Spellcasting
  1363 | D        | Reached XP level 9. HP: 39/39 MP: 13/24
  1367 | D        | Noticed a wraith
  1368 | D        | Noticed Crazy Yiuf
  1368 | D        | Noticed an orc knight
  1369 | D        | Noticed a two-headed ogre
  1369 | D        | Noticed an orc wizard
  1371 | D        | Killed a two-headed ogre
  1371 | D        | Reached skill level 19 in Stealth
  1372 | D        | Noticed a bog body
  1372 | D        | Noticed a spiny frog
  1377 | D        | Killed a wraith
  1380 | D        | Killed Crazy Yiuf
  1380 | D        | Reached skill level 20 in Stealth
  1382 | D        | Killed an orc knight
  1382 | D        | Reached skill level 21 in Stealth
  1383 | D        | Killed an orc wizard
  1398 | D        | Killed a spiny frog
  1407 | D        | Killed a bog body
  1407 | D        | Reached skill level 22 in Stealth
  1583 | D        | Noticed an ice beast
  1583 | D        | Noticed a blink frog
  1583 | D        | Noticed a hell rat
  1584 | D        | Noticed a blink frog
  1586 | D        | Noticed a blink frog
  1599 | D        | Killed an ice beast
  1819 | D        | Killed a hell rat
  1825 | D        | Killed a blink frog
  1825 | D        | Reached skill level 5 in Dodging
  1970 | D        | Killed a blink frog
  1973 | D        | Killed a blink frog
  1973 | D        | Reached XP level 10. HP: 44/44 MP: 16/25
  2020 | D        | Noticed an efreet
  2020 | D        | Noticed a two-headed ogre
  2022 | D        | Noticed an orc priest
  2022 | D        | Noticed a hell rat
  2023 | D        | Killed a two-headed ogre
  2023 | D        | Reached skill level 10 in Dodging
  2040 | D        | Noticed an orc warrior
  2044 | D        | Killed a hell rat
  2045 | D        | Noticed an orc wizard
  2048 | D        | Killed an orc warrior
  2051 | D        | Killed an efreet
  2053 | D        | Noticed an ice beast
  2055 | D        | Noticed a cyclops
  2056 | D        | Noticed a water moccasin
  2056 | D        | Noticed a boulder beetle
  2057 | D        | Killed a cyclops
  2062 | D        | Killed a water moccasin
  2063 | D        | HP: 1/44 [ice beast (11)]
  2067 | D        | Killed an orc priest
  2166 | D        | Killed an orc wizard
  2380 | D        | Killed an ice beast
  2540 | D        | Noticed a wraith
  2540 | D        | Noticed an anaconda
  2540 | D        | Noticed a spriggan rider
  2540 | D        | Noticed a snapping turtle
  2541 | D        | Noticed a wandering mushroom
  2541 | D        | Noticed a troll
  2543 | D        | Killed a wandering mushroom
  2633 | D        | Killed a troll
  2721 | D        | Killed a snapping turtle
  2721 | D        | Reached skill level 15 in Dodging
  2753 | D        | Mangled by a spriggan rider

Vault maps used:
D:        pitsprint

Action                   |  1- 3 |  4- 6 |  7- 9 | 10-12 || total
-------------------------+-------+-------+-------+-------++-------
Melee: Dagger            |    21 |    10 |    39 |    23 ||    93
 Cast: Ensorcelled Hiber |     5 |     7 |    19 |     7 ||    38
       Confuse           |       |     2 |     2 |     3 ||     7
  Use: Potion            |     1 |       |       |     2 ||     3
       Scroll            |       |       |       |     1 ||     1
 Stab: Sleeping          |    10 |     4 |    30 |     7 ||    51
       Confused          |       |     1 |     2 |     1 ||     4
       Invisible         |       |       |       |     6 ||     6
  Eat: Fruit             |       |       |       |     1 ||     1
